 Dungeon Crawl Stone Soup version bcrawl-1.39.1 (webtiles) character file.

Game seed: 5253908511183693520

162399 Finalfun the Magician (level 6, -3/51 HPs)
             Began as a Gnoll Wanderer on Sept 26, 2023.
             Was a Follower of Vehumet.
             Shot with an arrow by a centaur (17 damage)
             ... on level 4 of the Dungeon.
             The game lasted 00:13:20 (4061 turns).

Finalfun the Magician (Gnoll Wanderer)              Turns: 4061, Time: 00:13:21

Health: -3/51      AC:  2    Str: 14    XL:     6   Next: 94%
Magic:  12/14      EV: 12    Int: 17    God:    Vehumet [*.....]
Gold:   266        SH:  0    Dex: 14    Spells: 4/15 levels left

rFire    . . .     GDR:     28% a - +2 dagger
rCold    . . .     SeeInvis .   (no shield)
rNeg     . . .     Gourm    .   f - +0 robe
rPois    .         Faith    .   (no helmet)
rElec    .         Spirit   .   (no cloak)
rCorr    .         Reflect  .   (no gloves)
MR       .....                  (no boots)
Stlth    ++........             (no amulet)
HPRegen  0.18/turn              (no ring)
MPRegen  0.14/turn              (no ring)

@: no status effects
A: distributed training, fangs 1, strong nose
a: Renounce Religion


You were on level 4 of the Dungeon.
You worshipped Vehumet.
Vehumet was aware of your devotion.
You were hungry.

You visited 1 branch of the dungeon, and saw 4 of its levels.

You collected 266 gold pieces.

Inventory:

Hand Weapons
 a - a +2 dagger (weapon)
 d - a +0 spear
 i - the +1 short sword of Runt {holy, rC+, unknown}
   (You found it on level 4 of the Dungeon)

   It has been blessed by the Shining One to cause great damage to the undead
   and demons.
   It protects you from cold.
 s - a cursed -2 dagger
 w - a cursed -3 dagger
Missiles
 l - 696 stones (quivered)
 p - 46 poisoned tomahawks
 v - 107 poisoned needles
 z - 64 javelins
Armour
 f - a +0 robe (worn)
 r - a +0 pair of boots
 t - a +0 hat of magic resistance
 u - a +2 robe of fire resistance
 A - a +0 pair of gloves
Scrolls
 c - a scroll of immolation
 m - a scroll of enchant weapon {unknown}
 n - 2 scrolls of revelation
 x - 2 scrolls of fog {unknown}
 y - a scroll of amnesia
Potions
 g - 2 potions of degeneration {unknown}
 h - 2 potions of curing
 k - a potion of flight {unknown}
 o - 2 potions of agility {unknown}
Comestibles
 e - 6 rations {!d}


   Skills:
 + Level 5.0 Fighting
 + Level 2.1 Short Blades
 + Level 2.1 Long Blades
 + Level 2.1 Axes
 + Level 2.1 Maces & Flails
 + Level 2.1 Polearms
 + Level 2.1 Staves
 + Level 2.1 Slings
 + Level 2.1 Bows
 + Level 2.1 Crossbows
 + Level 2.1 Throwing
 + Level 2.1 Armour
 + Level 2.1 Dodging
 + Level 3.3 Stealth
 + Level 2.1 Shields
 + Level 2.1 Unarmed Combat
 + Level 5.4 Spellcasting
 + Level 1.7 Conjurations
 + Level 1.7 Hexes
 + Level 1.7 Charms
 + Level 1.7 Summonings
 + Level 1.7 Necromancy
 + Level 1.7 Translocations
 + Level 1.7 Transmutations
 + Level 1.7 Fire Magic
 + Level 1.7 Ice Magic
 + Level 2.7 Air Magic
 + Level 1.7 Earth Magic
 + Level 4.2 Poison Magic
 + Level 2.3 Invocations
 + Level 5.0 Evocations


You had 4 spell levels left.
You knew the following spells:

 Your Spells              Type           Power        Failure   Level  Hunger
a - Sting                 Conj/Pois      ##..         1%          1    None
b - Magic Dart            Conj           ##..         1%          1    None
c - Venom Bolt            Conj/Pois      ##........   30%         5    ######.
d - Summon Scorpions      Summ/Pois      ##......     38%         4    ####...

Your spell library contained the following spells:

 Spells                   Type           Power        Failure   Level  Hunger
 Poisonous Vapours        Pois/Air       ###...       4%          2    None
 Ignite Poison            Fire/Tmut/Pois ##......     4%          3    ##.....
 Olgreb's Toxic Radiance  Pois           ###......    24%         4    ####...


Dungeon Overview and Level Annotations

Branches:
Dungeon (4/12)
 Temple: D:4-7

Altars:
Ashenzari
Uskayaw
Vehumet
Yredelemnul

Shops:
D:4 :

Annotations:
D:4 1 transporter


Innate Abilities, Weirdness & Mutations

Your experience applies equally to all skills.
You have very sharp teeth.
Your uncanny sense of smell can sniff out nearby items.


Message History

The centaur wields a +0 shortbow.
The centaur shoots an arrow.
The arrow hits you.
* * * LOW HITPOINT WARNING * * *
It was a potion of curing.
You feel better.
The centaur shoots an arrow.
The arrow hits you!
* * * LOW HITPOINT WARNING * * *
Okay, then.
Okay, then.
As you read the scroll of teleportation, it crumbles to dust.
You feel strangely unstable.
The centaur shoots an arrow.
The arrow hits you!
* * * LOW HITPOINT WARNING * * *
You feel better.
The centaur unwields a +0 shortbow.
The centaur barely misses you.
The centaur wields a +0 shortbow.
The centaur shoots an arrow.
The arrow misses you.
Your surroundings seem slightly different.
You are feeling hungry.
The centaur looks more healthy.
The centaur shoots an arrow.
The arrow hits you!
You die...

#....# #..##....
#....# ##.##....
#....# #.####.# #....#
#.####.# #....#######
#...##.# #....c..§..#
#...##.# ####.......#
#...##.#
#...)...###...##.#
#@......##.......#
#.......##.......#
#.......##.......#
#................#
##########............
#.......##....####....
#.......##....# ##...
#>......##....# #.∩#
#####.........# #.>#


You could see a centaur.

Vanquished Creatures
  An orc wizard (D:3)
  3 hounds (D:3)
  Jessica (D:2)
  An iguana (D:4)
  2 worker ants (D:4)
  6 adders
  3 gnolls (D:2)
  A shadow imp (D:3)
  An ooze (D:2)
  4 worms
  3 dart slugs
  3 leopard geckos
  11 orcs
  7 bats
  2 giant cockroaches
  9 hobgoblins
  5 jackals
  5 quokkas
  A ball python (D:2)
  3 frilled lizards
  3 goblins
  6 kobolds
  A quokka skeleton (D:4)
  4 rats
86 creatures vanquished.

Notes
Turn   | Place    | Note
-------+----------+-------------------------------------------
     0 | D:1      | Finalfun the Gnoll Wanderer began the quest for the Orb.
     0 | D:1      | Finalfun set off with the following items: a +2 dagger, a
                  | potion of lignification, a +0 spear, a ration {!d}, a +0
                  | robe; and the following spell memorised: Sting; and the
                  | following spells available to memorise: Poisonous Vapours,
                  | Ignite Poison, Olgreb's Toxic Radiance, Summon Scorpions,
                  | Venom Bolt
     0 | D:1      | Reached XP level 1. HP: 20/20 MP: 6/6
   242 | D:1      | Reached XP level 2. HP: 26/26 MP: 4/7
  1015 | D:2      | Reached XP level 3. HP: 22/31 MP: 9/9
  1060 | D:2      | Reached skill level 5 in Spellcasting
  1112 | D:2      | Noticed Jessica
  1117 | D:2      | Killed Jessica
  1118 | D:2      | Reached skill level 1 in Short Blades
  1118 | D:2      | Reached skill level 1 in Long Blades
  1118 | D:2      | Reached skill level 1 in Axes
  1118 | D:2      | Reached skill level 1 in Maces & Flails
  1118 | D:2      | Reached skill level 1 in Polearms
  1118 | D:2      | Reached skill level 1 in Staves
  1118 | D:2      | Reached skill level 1 in Slings
  1118 | D:2      | Reached skill level 1 in Bows
  1118 | D:2      | Reached skill level 1 in Crossbows
  1118 | D:2      | Reached skill level 1 in Throwing
  1118 | D:2      | Reached skill level 1 in Armour
  1118 | D:2      | Reached skill level 1 in Dodging
  1118 | D:2      | Reached skill level 1 in Shields
  1118 | D:2      | Reached skill level 1 in Unarmed Combat
  1118 | D:2      | Reached skill level 1 in Invocations
  1118 | D:2      | Reached XP level 4. HP: 38/38 MP: 6/11
  1452 | D:2      | Reached skill level 1 in Conjurations
  1452 | D:2      | Reached skill level 1 in Hexes
  1452 | D:2      | Reached skill level 1 in Charms
  1452 | D:2      | Reached skill level 1 in Summonings
  1452 | D:2      | Reached skill level 1 in Necromancy
  1452 | D:2      | Reached skill level 1 in Translocations
  1452 | D:2      | Reached skill level 1 in Transmutations
  1452 | D:2      | Reached skill level 1 in Fire Magic
  1452 | D:2      | Reached skill level 1 in Ice Magic
  1452 | D:2      | Reached skill level 1 in Earth Magic
  1789 | D:2      | Reached XP level 5. HP: 43/43 MP: 9/12
  2172 | D:3      | Found a radiant altar of Vehumet.
  2182 | D:3      | Became a worshipper of Vehumet
  2276 | D:3      | Found a basalt altar of Yredelemnul.
  2815 | D:3      | Found a shattered altar of Ashenzari.
  2827 | D:3      | Reached XP level 6. HP: 49/50 MP: 9/13
  3123 | D:3      | Reached skill level 5 in Fighting
  3123 | D:3      | Reached skill level 5 in Evocations
  3340 | D:4      | Found a hide-covered altar of Uskayaw.
  3349 | D:4      | Noticed a +0 dagger
  3402 | D:4      | Reached * piety under Vehumet
  3402 | D:4      | Offered knowledge of Magic Dart by Vehumet.
  3405 | D:4      | Learned a level 1 spell: Magic Dart
  3428 | D:4      | Noticed a +0 dagger
  3610 | D:4      | Learned a level 5 spell: Venom Bolt
  3615 | D:4      | Learned a level 4 spell: Summon Scorpions
  3789 | D:4      | Found Juluilu's Book Shoppe.
  3791 | D:4      | Got a masterwork short sword
  3981 | D:4      | Found a transporter.
  3983 | D:4      | Noticed an ice beast
  4057 | D:4      | HP: 2/51 [centaur/arrow (13)]
  4061 | D:4      | Shot with an arrow by a centaur

Skill      XL: |  1  2  3  4  5  6 |
---------------+-------------------+-----
Air Magic      | 2 |  2.7
Spellcasting   | 5 |  5.4
Short Blades   | 1 2 |  2.1
Long Blades    | 1 2 |  2.1
Axes           | 1 2 |  2.1
Maces & Flails | 1 2 |  2.1
Polearms       | 1 2 |  2.1
Staves         | 1 2 |  2.1
Slings         | 1 2 |  2.1
Bows           | 1 2 |  2.1
Crossbows      | 1 2 |  2.1
Throwing       | 1 2 |  2.1
Armour         | 1 2 |  2.1
Dodging        | 1 2 |  2.1
Shields        | 1 2 |  2.1
Unarmed Combat | 1 2 |  2.1
Invocations    | 1 2 |  2.3
Conjurations   | 1 |  1.7
Hexes          | 1 |  1.7
Charms         | 1 |  1.7
Summonings     | 1 |  1.7
Necromancy     | 1 |  1.7
Translocations | 1 |  1.7
Transmutations | 1 |  1.7
Fire Magic     | 1 |  1.7
Ice Magic      | 1 |  1.7
Earth Magic    | 1 |  1.7
Stealth        | 3 |  3.3
Poison Magic   | 4 |  4.2
Fighting       | 5 |  5.0
Evocations     | 5 |  5.0

Action                   |  1- 3 |  4- 6 || total
-------------------------+-------+-------++-------
Melee: Dagger            |    32 |   116 ||   148
       Bite              |     1 |     7 ||     8
Throw: Stone             |       |    12 ||    12
 Cast: Sting             |    43 |   152 ||   195
  Use: Scroll            |     2 |     4 ||     6
       Potion            |       |     4 ||     4
 Stab: Sleeping          |     1 |     1 ||     2
  Eat: Chunk             |     2 |    14 ||    16
Armor: Robe              |     7 |    17 ||    24
       Skin              |       |     6 ||     6
Dodge: Dodged            |    25 |    76 ||   101
